 Dungeon Crawl Stone Soup version 0.30-a0-591-g3c58d2bc28 (webtiles) character file.

Game seed: 569769421041816202

329 Dartaoz the Covered (level 6, -8/55 HPs)
             Began as an Armataur Fighter on Jan 5, 2023.
             Killed from afar by Dowan (14 damage)
             ... with a stone arrow
             ... on level 3 of the Dungeon.
             The game lasted 00:12:08 (3434 turns).

Dartaoz the Covered (Armataur Fighter)              Turns: 3434, Time: 00:12:08

Health: -8/55      AC: 10    Str: 21    XL:     6   Next: 25%
Magic:  6/6        EV:  6    Int:  9    God:
Gold:   207        SH:  5    Dex: 11    Spells: 5/5 levels left

rFire   . . .      SeeInvis .    a - +0 long sword
rCold   . . .      Faith    .    c - +0 buckler
rNeg    . . .      Spirit   .    x - +0 chain mail
rPois   +          Reflect  .    (no helmet)
rElec   .          Harm     .    (no cloak)
rCorr   .          Roll     +    q - +0 pair of gloves
Will    +....                    (no barding) Stlth
                                 (no amulet)
HPRegen 0.29/turn                e - ring of poison resistance
MPRegen 0.10/turn                w - ring of willpower

@: mighty
A: large, rugged brown scales 3, deformed body, armoured tail, roll, long
tongue, awkward tongue
a: no special abilities


You were on level 3 of the Dungeon.
You visited 1 branch of the dungeon, and saw 4 of its levels.

You collected 207 gold pieces.

Inventory:

Hand Weapons
 a - a +0 long sword (weapon)
Missiles
 s - 6 curare-tipped darts (quivered)
Armour
 b - a +0 scale mail
 c - a +0 buckler (worn)
 q - a +0 pair of gloves (worn)
 x - a +0 chain mail (worn)
Jewellery
 e - a ring of poison resistance (left hand)
 r - a ring of ice
 w - a ring of willpower (right hand)
Wands
 o - a wand of polymorph (7)
 t - a wand of roots (3)
 z - a wand of flame (12)
Scrolls
 f - 3 scrolls of identify {unknown}
 i - a scroll of teleportation {unknown}
 j - a scroll of vulnerability {unknown}
 l - a scroll of fear {unknown}
 m - 2 scrolls of enchant weapon {unknown}
 n - 2 scrolls of fog {unknown}
 p - a scroll of immolation {unknown}
 y - 2 scrolls of enchant armour {unknown}
Potions
 d - a potion of might
 g - a potion of experience {unknown}
 h - 2 potions of curing {unknown}
 k - 2 potions of invisibility {unknown}
 u - a potion of heal wounds {unknown}
 v - a potion of haste {unknown}
 A - a potion of cancellation {unknown}


   Skills:
 + Level 3.7 Fighting
 + Level 3.1 Long Blades
 + Level 4.9 Armour
 + Level 1.8 Dodging
 + Level 4.5 Shields


You had 5 spell levels left.
You didn't know any spells.
Your spell library contained the following spells:

 Spells                   Type           Power      Damage    Failure   Level
 Static Discharge         Conj/Air       0%         2-2/arc   100%        2
 Vhi's Electric Charge    Tloc/Air       0%         N/A       100%        3
 Arcjolt                  Conj/Air       0%         1d10      100%        5
 Lightning Bolt           Conj/Air       0%         1d11      100%        5


Dungeon Overview and Level Annotations

Branches:
Dungeon (4/15)             Temple (0/1) D:4

Altars:
Uskayaw

Shops:
D:4 *

Annotations:
D:3 2 transporters, Dowan; flt's ghost, amateur DgTm


Innate Abilities, Weirdness & Mutations

You are completely covered in rugged brown scales. (AC +3, +7% HP)
Armour fits poorly on your strangely shaped body.
You have a long armoured tail.
You roll when moving toward enemies. (Rampage)
Your long tongue fully drains potion bottles. (2x potion effects)
Your tongue gives you trouble enunciating. (1.5x scroll delay)


Message History

Duvessa is heavily wounded.
Duvessa hits you with a +0 short sword.
* * * LOW HITPOINT WARNING * * *
Duvessa hits you but does no damage. You block Dowan's attack.
Duvessa hits you but does no damage.
You climb upwards.
Level annotation: 2 transporters, flt's ghost, amateur DgTm
There is a stone staircase leading down, spattered with blood here.
You slurp down every last drop of the 2 potions of might!
You feel very mighty all of a sudden. You block Dowan's attack.
Duvessa hits you but does no damage.
You slash Duvessa!
Duvessa is severely wounded.
Dowan hits you but does no damage. Duvessa barely misses you.
You hit Duvessa.
Your tail-slap misses Duvessa.
Duvessa is severely wounded.
Dowan hits you with a +0 dagger.
* * * LOW HITPOINT WARNING * * *
Duvessa hits you with a +0 short sword!
* * * LOW HITPOINT WARNING * * *
Dowan hits you but does no damage.
You hit Duvessa.
Duvessa is almost dead.
Duvessa says, "My weaknesses are his strengths!"
Duvessa hits you but does no damage. Dowan hits you but does no damage.
You slash Duvessa!
You kill Duvessa!
Dowan screams, "No!
No!"
Dowan seems to find hidden reserves of power!
You block Dowan's attack. Dowan hits you but does no damage.
Your Long Blades skill increases to level 3!
You have reached level 6!
You hit Dowan.
Dowan is moderately wounded.
Dowan hits you but does no damage. x2
You closely miss Dowan.
Dowan is moderately wounded.
Dowan points at you and mumbles some strange words.
The stone arrow hits you!
You die...

.##.# #.#.......####.######
###.# #.#.................#
###.# #.##......#####.....#
....# #.##...8.##...##.8..#
##..######.##....##....⌠##...#
##..##..........##..._..###..#
##.............##......⌠#.##.#
##..##.........#)......##..#.#
....##.........#@..#####...'.#
##.............#e.##.......#.#
##.##.....##...##.#⌠......##.##
....+.....#.....###.._...##...#
##.##.....#......##⌠....##....#
.......####.....8.##...##.8...#
##...#.# #........#####......#
##.....####...................#
..................#.###..##...#


You could see Dowan (fast).

Vanquished Creatures
  Duvessa (D:3)
  A gnoll bouda (D:3)
  2 iguanas (D:4)
  An orc wizard (D:4)
  5 gnolls
  An ufetubus (D:4)
  A worm (D:3)
  A dart slug (D:3)
  2 orcs (D:4)
  4 bats
  8 endoplasms
  7 goblins
  2 hobgoblins (D:1)
  4 jackals (D:3)
  9 kobolds
  6 quokkas
  4 ball pythons
  6 frilled lizards
  2 rats
67 creatures vanquished.

Notes
Turn   | Place    | Note
-------+----------+-------------------------------------------
     0 | D:1      | Dartaoz the Armataur Fighter began the quest for the Orb.
     0 | D:1      | Reached XP level 1. HP: 19/19 MP: 1/1
   289 | D:1      | Reached XP level 2. HP: 26/26 MP: 2/2
   882 | D:2      | Reached XP level 3. HP: 31/32 MP: 3/3
  1484 | D:3      | Found a faded altar of an unknown god.
  1488 | D:3      | Found a hide-covered altar of Uskayaw.
  1581 | D:3      | Noticed flt's ghost (amateur DgTm)
  1587 | D:3      | Found a transporter.
  1604 | D:3      | Found a transporter.
  1861 | D:4      | Reached skill level 1 in Dodging
  1861 | D:4      | Reached XP level 4. HP: 34/40 MP: 4/4
  1883 | D:4      | Found a staircase to the Ecumenical Temple.
  1988 | D:4      | HP: 2/40 [gnoll/+0 spear[a gnoll bouda] (3)]
  1994 | D:4      | HP: 2/40 [gnoll/+0 halberd[a gnoll bouda] (2)]
  2576 | D:3      | Reached XP level 5. HP: 36/48 MP: 5/5
  2844 | D:4      | Identified the +1 robe of Watchfulness {Will+}
  2918 | D:4      | Noticed Duvessa
  2918 | D:4      | Noticed Dowan
  3109 | D:4      | Found Firiazia's General Store.
  3432 | D:3      | Killed Duvessa
  3433 | D:3      | Reached XP level 6. HP: 5/55 MP: 6/6
  3434 | D:3      | Killed from afar by Dowan

Illustrated notes

Levels and vault maps discovered:
D:1:      dpeg_arrival_tiny_c, layout_loops_ring
D:2:      layout_rooms, grunt_decor_mini_mirrors, st_stairs_1
D:3:      layout_basic, nicolae_overflow_ecumenical_swirl,
          gammafunk_ghost_stat_death
D:4:      dreamdust_elfheim, layout_basic, minmay_temple_entry_arrows,
          serial_shops, nicolae_shop_behind_doors, serial_rivers,
          chequers_serial_rivers_micro_a, chequers_serial_rivers_micro_b,
          chequers_serial_rivers_small_3, chequers_serial_rivers_small_3,
          chequers_serial_rivers_micro_a, item_on_display_a

Skill      XL: |  1  2  3  4  5 |
---------------+----------------+-----
Long Blades    | 2 3 |  3.1
Armour         | 4 |  4.9
Fighting       | 3 |  3.7
Dodging        | 1 |  1.8
Shields        | 4 |  4.5

Action                   |  1- 3 |  4- 6 || total
-------------------------+-------+-------++-------
Melee: Long sword        |   120 |   115 ||   235
       Tailslap          |    14 |    14 ||    28
  Use: Potion            |       |     1 ||     1
Armor: Scale mail        |    46 |       ||    46
       Chain mail        |       |    74 ||    74
Dodge: Dodged            |    40 |    43 ||    83
Block: Buckler           |    18 |    26 ||    44

Table legend: (Time is in decaauts)
 A = Elapsed time spent in this place.
 B = Non-inter-level travel time spent in this place.
 C = Inter-level travel time spent in this place.
 D = Time resting spent in this place.
 E = Time spent auto-exploring this place.
 F = Levels seen in this place.
 G = Mean time per level.
                   A        B        C        D        E       F      G
               +--------+--------+--------+--------+--------+-----+--------+
         Total |   3516 |   3485 |     31 |    768 |   1974 |   4 |  879.0 |
       Dungeon |   3516 |   3485 |     31 |    768 |   1974 |   4 |  879.0 |
               +--------+--------+--------+--------+--------+-----+--------+

Top non-repeatable levels by time:
     D:3: 1561 daAuts
     D:4: 793 daAuts
     D:1: 754 daAuts
     D:2: 407 daAuts
